AoeStats
← Blazing Cartesia, The Virtuous

Arabia

507214246Analyzed
1v1 RM · 15d ago on Sep 17, 2026· 28m 51s· 2 players
Game mode
Random Map
Map size
Tiny (2 player)
Population
200
Speed
Normal
Resources
Standard
Victory
Conquest
Starting age
Dark Age
Ending age
Imperial Age
RankedLock teamsTeams togetherTeam positionsShared explorationLock speedFull tech treeHidden civsTurbo modeCheats
Victory
Defeat
1143
+17
🇦🇺 Maya · Australia
1173
-17
Blazing Cartesia, The Virtuous
5:33 Loom
6:37 Loom
9:08 Feudal Age
9:37 Double-Bit Axe
12:27 Fletching
12:02 Champi Runner
21:27 Castle Age
19:28 Gold Mining
19:22 Horse Collar
21:59 Champi Warrior
22:40 Squires
22:56 Scale Mail Armor
23:07 Forging
23:55 Bow Saw
23:20 Crossbowman
24:40 Bodkin Arrow
25:15 Arson
26:28 Heavy Plow
29:41 Chain Mail Armor
Juanwolf
0:31 Loom
10:17 Feudal Age
10:55 Double-Bit Axe
15:32 Forging
20:30 Scale Mail Armor
24:24 Castle Age
23:18 Horse Collar
24:32 Eagle Warrior
24:49 Elite Skirmisher
25:40 Bow Saw
Connection lost

Rejoining the realm…

Still unreachable

The connection could not be restored.

Session expired

The server has moved on; the page needs a fresh start.